 Dungeon Crawl Stone Soup version 0.30-a0-462-gd5975efbca (webtiles) character file.

Game seed: 6182604921158700041

12 cforsyth the Charlatan (level 2, 0/24 HPs)
             Began as an Armataur Artificer on Dec 17, 2022.
             Succumbed to an adder's poison
             ... on level 2 of the Dungeon.
             The game lasted 00:00:58 (707 turns).

cforsyth the Charlatan (Armataur Artificer)          Turns: 707, Time: 00:00:58

Health: 0/24       AC:  4    Str: 17    XL:     2   Next: 20%
Magic:  2/2        EV:  9    Int: 11    God:
Gold:   60         SH:  0    Dex: 10    Spells: 1/1 levels left

rFire   . . .      SeeInvis .    a - +0 club
rCold   . . .      Faith    .    (no shield)
rNeg    . . .      Spirit   .    b - +0 leather armour
rPois   .          Reflect  .    (no helmet)
rElec   .          Harm     .    (no cloak)
rCorr   .          Roll     +    (no gloves)
Will    .....                    (no barding)
Stlth   +.........               (no amulet)
HPRegen 0.24/turn                (no ring)
MPRegen 0.08/turn                (no ring)

@: lethally poisoned (0 -> 0)
A: large, rugged brown scales 3, deformed body, armoured tail, roll, long
tongue, awkward tongue
a: no special abilities


You were on level 2 of the Dungeon.
You visited 1 branch of the dungeon, and saw 2 of its levels.

You collected 60 gold pieces.

Inventory:

Hand Weapons
 a - a +0 club (weapon)
Armour
 b - a +0 leather armour (worn)
Jewellery
 f - a +6 ring of strength
Wands
 c - a wand of flame (15) (quivered)
 d - a wand of charming (15)
 e - a wand of iceblast (5)
Scrolls
 g - a scroll of noise {unknown}
 h - 3 scrolls of identify {unknown}
 j - 2 scrolls of teleportation {unknown}
Potions
 i - a potion of brilliance {unknown}


   Skills:
 + Level 1.2 Fighting
 + Level 2.7 Armour
 - Level 0.8 Dodging
 + Level 1.5 Stealth
 - Level 3.1 Evocations


You had one spell level left.
You didn't know any spells.
Your spell library was empty.

Dungeon Overview and Level Annotations

Branches:
Dungeon (2/15)

Altars:


Innate Abilities, Weirdness & Mutations

You are completely covered in rugged brown scales. (AC +3, +7% HP)
Armour fits poorly on your strangely shaped body.
You have a long armoured tail.
You roll when moving toward enemies. (Rampage)
Your long tongue fully drains potion bottles. (2x potion effects)
Your tongue gives you trouble enunciating. (1.5x scroll delay)


Message History

You are more poisoned.
The adder poisons you!
You are too injured to fight recklessly!
You are too injured to fight recklessly!
You are too injured to fight recklessly!
You are too injured to fight recklessly!
You are too injured to fight recklessly!
You are too injured to fight recklessly!
You are too injured to fight recklessly!
You are too injured to fight recklessly!
You are too injured to fight recklessly!
You closely miss the adder.
You feel very sick. The adder bites you.
You are more poisoned.
The adder poisons you!
You hit the adder but do no damage.
Your tail-slap misses the adder.
You feel very sick. The adder barely misses you.
The adder bites you but does no damage.
You closely miss the adder.
You feel sick. The adder closely misses you. The adder bites you.
You hit the adder.
The adder is lightly wounded.
You feel sick. The adder closely misses you.
You hit the adder but do no damage.
The adder is lightly wounded.
You feel sick. The adder barely misses you. The adder bites you.
* * * LOW HITPOINT WARNING * * *
You hit the adder.
The adder is heavily wounded.
* * * LOW HITPOINT WARNING * * *
You feel sick.
The adder bites you but does no damage. x2
You miss the adder.
The adder is heavily wounded.
* * * LOW HITPOINT WARNING * * *
You feel sick. The adder bites you but does no damage.
The adder barely misses you.
You closely miss the adder.
The adder is moderately wounded.
You die...

#. #. #. #
#. .#
#.####.##
#.......#
#>.S....#
#.@.....#
#.......#
#.......#
#.......#
#<......#
###...##.(
.#..J..
...##..
.### .


You could see an adder.

Vanquished Creatures
  A dart slug (D:1)
  A ball python (D:1)
  A bat (D:1)
  A goblin (D:1)
  A hobgoblin (D:1)
  2 kobolds (D:1)
  2 rats (D:1)
9 creatures vanquished.

Notes
Turn   | Place    | Note
-------+----------+-------------------------------------------
     0 | D:1      | cforsyth the Armataur Artificer began the quest for the
                  | Orb.
     0 | D:1      | Reached XP level 1. HP: 16/16 MP: 1/1
   119 | D:1      | Reached skill level 1 in Fighting
   497 | D:1      | Reached XP level 2. HP: 24/24 MP: 2/2
   706 | D:2      | HP: 1/24 [poisoned by an adder]
   707 | D:2      | Succumbed to an adder's poison

Illustrated notes

Levels and vault maps discovered:
D:1:      minmay_arrival_loop, layout_basic, minmay_cut_off
D:2:      layout_loops_ring, minmay_snake_closets, uniq_robin, uniq_sigmund,
          uniq_jessica

Skill      XL: |  1 |
---------------+----+-----
Fighting       | 1 |  1.2
Armour         | |  2.7
Dodging        | |  0.8
Stealth        | |  1.5
Evocations     | |  3.1

Action                   || total
-------------------------++-------
Melee: Club              ||    47
       Tailslap          ||     2
       Punch             ||     1
 Stab: Sleeping          ||     2
Armor: Leather armour    ||    16
Dodge: Dodged            ||    23

Table legend: (Time is in decaauts)
 A = Elapsed time spent in this place.
 B = Non-inter-level travel time spent in this place.
 C = Inter-level travel time spent in this place.
 D = Time resting spent in this place.
 E = Time spent auto-exploring this place.
 F = Levels seen in this place.
 G = Mean time per level.
                   A        B        C        D        E       F      G
               +--------+--------+--------+--------+--------+-----+--------+
         Total |    720 |    700 |     20 |      0 |    588 |   2 |  360.0 |
       Dungeon |    720 |    700 |     20 |      0 |    588 |   2 |  360.0 |
               +--------+--------+--------+--------+--------+-----+--------+

Top non-repeatable levels by time:
     D:1: 705 daAuts
     D:2: 15 daAuts
